General information
- name: BNet
- type: Ladder team game (AT/RT)
- host: Battle.net
- saver: iNT]DOGANDHORSE
map: Deadlock
- players: 8
- length: 36:17
- speed: Fast
- version: 1.21 W3XP
- replay type:

» download(363 KB)
Players
team 1 (winner)
Gobiner (
green | 54 APM | 1952 actions | 36:16)
6 Blademaster
3 Wind Walk
2 Critical Strike
1 Bladestorm
» actions
| Assign group hotkey | 14 | |
| Basic commands | 25 | |
| Build / train | 75 | |
| Enter build submenu | 66 | |
| Enter hero's abilities submenu | 6 | |
| Give item / drop item | 4 | |
| Remove unit from queue | 1 | |
| Right click | 858 | |
| Select / deselect | 203 | |
| Select group hotkey | 513 | |
| Use ability | 187 | |
1952 total
» units
» upgrades
| Liquid Fire | 1 | |
| Ranged Weapons | 3 | |
| Armor | 3 | |
| Reinforced Defenses | 1 | |
| Troll Regeneration | 1 | |
| Spiked Barricades | 2 | |
11 total
» buildings
| Altar of Storms | 1 | |
| Orc Burrow | 4 | |
| War Mill | 1 | |
| Watch Tower | 66 | |
| Voodoo Lounge | 1 | |
| Stronghold | 1 | |
| Beastiary | 2 | |
| Fortress | 1 | |
| Barracks | 1 | |
| Great Hall | 1 | |
79 total
» build order
00:07 Altar of Storms
00:16 Orc Burrow
00:30 War Mill
01:44 Watch Tower
01:49 Orc Burrow
02:05 Voodoo Lounge
02:29 Watch Tower
02:55 Watch Tower
03:29 Watch Tower
04:00 Watch Tower
04:19 Stronghold
04:25 Watch Tower
05:08 Watch Tower
05:26 Watch Tower
05:59 Orc Burrow
06:00 Orc Burrow
06:34 Watch Tower
06:37 Watch Tower
06:42 Beastiary
06:50 Beastiary
07:53 Fortress
07:56 Watch Tower
07:57 Watch Tower
09:02 Watch Tower
09:03 Watch Tower
10:11 Watch Tower
10:12 Watch Tower
15:01 Barracks
16:17 Watch Tower
16:19 Watch Tower
16:20 Watch Tower
16:21 Watch Tower
16:24 Watch Tower
16:25 Watch Tower
16:26 Watch Tower
16:27 Watch Tower
16:30 Watch Tower
16:31 Watch Tower
16:32 Watch Tower
16:33 Watch Tower
18:11 Great Hall
18:15 Watch Tower
18:45 Watch Tower
19:43 Watch Tower
19:46 Watch Tower
19:48 Watch Tower
20:13 Watch Tower
21:17 Watch Tower
21:19 Watch Tower
21:43 Watch Tower
21:44 Watch Tower
21:45 Watch Tower
21:46 Watch Tower
21:47 Watch Tower
21:52 Watch Tower
21:53 Watch Tower
21:54 Watch Tower
27:07 Watch Tower
27:08 Watch Tower
27:09 Watch Tower
27:12 Watch Tower
27:12 Watch Tower
27:13 Watch Tower
27:16 Watch Tower
27:16 Watch Tower
29:17 Watch Tower
29:18 Watch Tower
29:55 Watch Tower
30:42 Watch Tower
30:45 Watch Tower
31:14 Watch Tower
31:52 Watch Tower
31:53 Watch Tower
33:28 Watch Tower
33:29 Watch Tower
33:43 Watch Tower
34:45 Watch Tower
34:46 Watch Tower
34:52 Watch Tower
» items
| Staff of Teleportation | 1 | |
| Boots of Speed | 1 | |
| Lesser Clarity Potion | 10 | |
| Healing Salve | 3 | |
| Orb of Lightning | 1 | |
| Scroll of Town Portal | 1 | |
| Potion of Mana | 4 | |
21 total
iNT]DOGANDHORSE (
yellow | 117 APM | 4228 actions | 36:17)
5 Death Knight
3 Death Coil
2 Unholy Aura
5 Dreadlord
3 Sleep
2 Carrion Swarm
» actions
| Assign group hotkey | 25 | |
| Basic commands | 17 | |
| Build / train | 109 | |
| Enter build submenu | 44 | |
| Enter hero's abilities submenu | 11 | |
| Give item / drop item | 10 | |
| Remove unit from queue | 15 | |
| Right click | 2718 | |
| Select / deselect | 502 | |
| Select group hotkey | 585 | |
| Use ability | 192 | |
4228 total
» units
| Acolyte | 19 | |
| Ghoul | 4 | |
| Crypt Fiend | 9 | |
| Obsidian Statue | 1 | |
| Frost Wyrm | 6 | |
39 total
» upgrades
| Creature Attack | 3 | |
| Creature Carapace | 3 | |
| Burrow | 1 | |
| Web | 1 | |
| Freezing Breath | 1 | |
9 total
» buildings
| Crypt | 1 | |
| Graveyard | 1 | |
| Ziggurat | 15 | |
| Altar of Darkness | 2 | |
| Nerubian Tower | 2 | |
| Tomb of Relics | 1 | |
| Halls of the Dead | 2 | |
| Slaughterhouse | 1 | |
| Black Citadel | 1 | |
| Sacrificial Pit | 2 | |
| Boneyard | 2 | |
| Necropolis | 6 | |
| Spirit Tower | 2 | |
38 total
» build order
00:10 Crypt
00:14 Graveyard
00:40 Ziggurat
00:59 Altar of Darkness
01:33 Nerubian Tower
01:49 Ziggurat
02:52 Tomb of Relics
03:53 Ziggurat
04:46 Halls of the Dead
06:38 Ziggurat
08:27 Slaughterhouse
09:23 Black Citadel
11:50 Sacrificial Pit
13:11 Boneyard
13:16 Necropolis
15:26 Ziggurat
15:27 Ziggurat
17:47 Necropolis
19:52 Ziggurat
21:19 Necropolis
21:46 Ziggurat
21:46 Ziggurat
21:46 Ziggurat
22:39 Nerubian Tower
22:42 Spirit Tower
23:17 Necropolis
23:38 Spirit Tower
25:51 Necropolis
28:21 Necropolis
28:41 Ziggurat
28:42 Ziggurat
28:42 Ziggurat
30:12 Boneyard
30:16 Sacrificial Pit
30:37 Halls of the Dead
32:48 Altar of Darkness
34:38 Ziggurat
34:38 Ziggurat
» items
| Rod of Necromancy | 2 | |
| Dust of Appearance | 1 | |
| Scroll of Town Portal | 10 | |
| Boots of Speed | 2 | |
| Staff of Teleportation | 2 | |
| Orb of Corruption | 1 | |
| Potion of Healing | 4 | |
| Scroll of Healing | 2 | |
| Potion of Lesser Invulnerability | 2 | |
| Staff of Sanctuary | 1 | |
27 total
nutsonyochin.DE (
pink | 103 APM | 3719 actions | 36:16)
3 Archmage
2 Summon Water Elemental
1 Brilliance Aura
3 Mountain King
1 Storm Bolt
2 Bash
2 Paladin
1 Holy Light
1 Divine Shield
» actions
| Assign group hotkey | 10 | |
| Basic commands | 78 | |
| Build / train | 155 | |
| ESC pressed | 3 | |
| Enter build submenu | 94 | |
| Enter hero's abilities submenu | 8 | |
| Give item / drop item | 2 | |
| Right click | 1712 | |
| Select / deselect | 440 | |
| Select group hotkey | 951 | |
| Use ability | 266 | |
3719 total
» units
| Peasant | 53 | |
| Priest | 2 | |
| Mortar Team | 2 | |
57 total
» upgrades
| Masonry | 3 | |
| Lumber Harvesting | 2 | |
| Armor | 3 | |
| Swords | 3 | |
| Animal War Training | 1 | |
| Magic Sentry | 1 | |
| Cloud | 1 | |
| Fragmentation Shards | 1 | |
| Flare | 1 | |
| Gunpowder | 2 | |
| Priest Training | 1 | |
19 total
» buildings
| Altar of Kings | 1 | |
| Lumber Mill | 2 | |
| Farm | 9 | |
| Scout Tower | 109 | |
| Town Hall | 6 | |
| Arcane Tower | 8 | |
| Guard Tower | 42 | |
| Arcane Vault | 2 | |
| Keep | 1 | |
| Arcane Sanctum | 2 | |
| Castle | 1 | |
| Gryphon Aviary | 2 | |
| Blacksmith | 1 | |
| Barracks | 1 | |
| Workshop | 1 | |
188 total
» build order
00:07 Altar of Kings
00:12 Lumber Mill
00:18 Farm
00:55 Farm
01:08 Farm
01:42 Scout Tower
01:46 Scout Tower
04:04 Town Hall
04:10 Scout Tower
04:10 Scout Tower
04:14 Arcane Tower
04:15 Guard Tower
04:38 Arcane Vault
04:44 Arcane Tower
05:05 Guard Tower
05:12 Scout Tower
05:13 Scout Tower
06:07 Guard Tower
06:30 Town Hall
06:36 Scout Tower
06:37 Scout Tower
06:41 Scout Tower
06:41 Scout Tower
06:57 Town Hall
07:02 Scout Tower
07:02 Scout Tower
07:03 Scout Tower
07:04 Scout Tower
07:05 Scout Tower
07:40 Guard Tower
07:42 Scout Tower
07:44 Scout Tower
08:04 Guard Tower
08:14 Keep
08:24 Guard Tower
08:41 Guard Tower
09:01 Guard Tower
09:15 Scout Tower
09:16 Scout Tower
09:17 Scout Tower
09:19 Scout Tower
09:20 Scout Tower
09:20 Scout Tower
09:23 Scout Tower
09:23 Scout Tower
09:27 Arcane Tower
09:29 Guard Tower
09:30 Scout Tower
09:32 Scout Tower
09:34 Scout Tower
10:22 Arcane Tower
10:35 Guard Tower
10:53 Scout Tower
10:54 Scout Tower
11:26 Guard Tower
12:11 Guard Tower
12:13 Scout Tower
12:13 Scout Tower
12:35 Scout Tower
12:36 Scout Tower
12:40 Guard Tower
12:43 Arcane Sanctum
12:47 Guard Tower
13:01 Scout Tower
13:02 Scout Tower
13:03 Scout Tower
13:04 Scout Tower
13:34 Scout Tower
13:35 Scout Tower
13:39 Guard Tower
13:39 Guard Tower
13:39 Guard Tower
13:40 Guard Tower
13:49 Farm
14:01 Guard Tower
15:52 Castle
15:53 Guard Tower
15:59 Guard Tower
17:04 Scout Tower
17:05 Scout Tower
17:06 Scout Tower
17:10 Town Hall
17:15 Scout Tower
17:16 Scout Tower
17:17 Scout Tower
17:18 Scout Tower
17:19 Scout Tower
17:19 Scout Tower
17:20 Scout Tower
17:20 Scout Tower
18:25 Guard Tower
18:26 Scout Tower
18:27 Scout Tower
18:27 Scout Tower
18:28 Scout Tower
18:30 Guard Tower
19:54 Arcane Vault
20:00 Guard Tower
20:04 Arcane Sanctum
20:06 Gryphon Aviary
20:08 Blacksmith
20:11 Barracks
20:18 Guard Tower
20:22 Scout Tower
23:00 Farm
23:06 Gryphon Aviary
23:09 Farm
23:42 Scout Tower
23:43 Scout Tower
23:57 Scout Tower
24:46 Town Hall
25:00 Scout Tower
25:01 Scout Tower
25:01 Scout Tower
25:02 Scout Tower
25:03 Scout Tower
25:04 Scout Tower
25:04 Scout Tower
25:05 Scout Tower
25:31 Scout Tower
25:32 Scout Tower
25:33 Scout Tower
25:34 Scout Tower
25:34 Scout Tower
25:35 Scout Tower
25:42 Scout Tower
25:43 Scout Tower
25:44 Scout Tower
25:45 Scout Tower
25:46 Scout Tower
25:46 Scout Tower
25:47 Scout Tower
25:48 Scout Tower
25:49 Scout Tower
25:49 Scout Tower
26:40 Guard Tower
26:44 Guard Tower
26:46 Arcane Tower
26:48 Scout Tower
26:54 Guard Tower
26:55 Guard Tower
27:23 Scout Tower
27:25 Scout Tower
27:26 Scout Tower
27:27 Scout Tower
27:28 Scout Tower
27:34 Guard Tower
27:49 Guard Tower
28:40 Arcane Tower
28:41 Guard Tower
28:46 Arcane Tower
28:49 Scout Tower
28:50 Scout Tower
28:51 Scout Tower
28:51 Scout Tower
28:52 Scout Tower
28:57 Arcane Tower
28:58 Guard Tower
29:53 Guard Tower
30:11 Farm
30:12 Farm
30:13 Farm
30:16 Workshop
30:37 Scout Tower
30:38 Scout Tower
30:41 Scout Tower
30:42 Scout Tower
30:44 Scout Tower
30:51 Scout Tower
30:52 Scout Tower
30:53 Scout Tower
30:54 Scout Tower
30:58 Scout Tower
31:00 Scout Tower
31:00 Scout Tower
31:01 Scout Tower
31:22 Guard Tower
31:29 Guard Tower
31:30 Guard Tower
32:28 Guard Tower
32:50 Town Hall
33:01 Guard Tower
33:42 Guard Tower
33:44 Guard Tower
33:46 Lumber Mill
34:56 Scout Tower
35:01 Scout Tower
» items
| Scroll of Regeneration | 2 | |
| Staff of Teleportation | 3 | |
| Boots of Speed | 3 | |
| Potion of Healing | 2 | |
| Staff of Sanctuary | 3 | |
| Orb of Corruption | 2 | |
15 total
westonb (
blue | 54 APM | 1965 actions | 36:16)
1 Archmage
1 Blizzard
1 Paladin
1 Holy Light
1 Mountain King
1 Storm Bolt
» actions
| Assign group hotkey | 2 | |
| Basic commands | 26 | |
| Build / train | 78 | |
| ESC pressed | 8 | |
| Enter build submenu | 51 | |
| Enter hero's abilities submenu | 3 | |
| Right click | 1178 | |
| Select / deselect | 428 | |
| Select group hotkey | 30 | |
| Use ability | 161 | |
1965 total
» units
| Peasant | 19 | |
| Dragonhawk Rider | 2 | |
| Priest | 1 | |
| Sorceress | 1 | |
23 total
» upgrades
| Masonry | 1 | |
| Cloud | 1 | |
| Gunpowder | 1 | |
| Magic Sentry | 1 | |
| Sorceress Training | 2 | |
| Priest Training | 1 | |
7 total
» buildings
| Altar of Kings | 2 | |
| Farm | 13 | |
| Lumber Mill | 2 | |
| Scout Tower | 47 | |
| Arcane Tower | 3 | |
| Guard Tower | 22 | |
| Arcane Vault | 1 | |
| Blacksmith | 1 | |
| Keep | 1 | |
| Castle | 1 | |
| Gryphon Aviary | 1 | |
| Arcane Sanctum | 1 | |
| Town Hall | 1 | |
96 total
» build order
00:04 Altar of Kings
00:07 Farm
00:27 Lumber Mill
00:40 Scout Tower
01:12 Scout Tower
01:33 Arcane Tower
01:49 Scout Tower
02:15 Arcane Tower
02:27 Farm
02:52 Guard Tower
03:38 Scout Tower
03:44 Scout Tower
03:57 Arcane Vault
04:08 Scout Tower
04:09 Guard Tower
04:18 Scout Tower
04:22 Guard Tower
04:34 Scout Tower
04:39 Blacksmith
04:42 Guard Tower
04:55 Guard Tower
04:58 Scout Tower
05:22 Keep
05:32 Guard Tower
05:36 Scout Tower
05:37 Guard Tower
05:44 Scout Tower
06:05 Farm
06:11 Farm
06:24 Guard Tower
06:26 Scout Tower
06:29 Guard Tower
06:41 Scout Tower
06:56 Guard Tower
06:58 Scout Tower
07:06 Farm
07:35 Guard Tower
07:40 Scout Tower
07:41 Scout Tower
07:45 Scout Tower
08:18 Guard Tower
08:24 Scout Tower
08:38 Guard Tower
08:41 Scout Tower
08:49 Castle
09:04 Gryphon Aviary
09:19 Scout Tower
09:21 Guard Tower
10:43 Guard Tower
10:54 Scout Tower
11:05 Arcane Sanctum
16:09 Scout Tower
16:11 Scout Tower
16:12 Scout Tower
16:13 Scout Tower
16:48 Guard Tower
18:35 Guard Tower
18:37 Scout Tower
18:38 Scout Tower
18:39 Scout Tower
18:40 Scout Tower
18:45 Scout Tower
18:47 Scout Tower
18:47 Scout Tower
18:49 Scout Tower
18:50 Scout Tower
19:04 Scout Tower
19:04 Scout Tower
19:06 Scout Tower
19:07 Scout Tower
19:16 Guard Tower
19:55 Guard Tower
19:59 Guard Tower
20:08 Guard Tower
22:34 Altar of Kings
22:37 Farm
22:40 Farm
22:43 Farm
23:44 Farm
23:47 Farm
24:41 Farm
28:25 Town Hall
28:29 Scout Tower
28:30 Scout Tower
28:32 Scout Tower
28:33 Scout Tower
28:34 Scout Tower
29:25 Scout Tower
29:30 Scout Tower
29:31 Scout Tower
29:36 Arcane Tower
29:42 Lumber Mill
35:37 Farm
35:38 Farm
35:42 Guard Tower
» items
| Lesser Clarity Potion | 2 | |
| Scroll of Regeneration | 2 | |
| Staff of Teleportation | 3 | |
| Boots of Speed | 3 | |
| Staff of Sanctuary | 2 | |
| Potion of Healing | 1 | |
| Orb of Lightning | 1 | |
14 total
team 2 (loser)
benighted (
purple | 84 APM | 3044 actions | 36:03)
4 Death Knight
2 Death Coil
2 Unholy Aura
2 Lich
1 Frost Nova
1 Frost Armor
» actions
| Assign group hotkey | 100 | |
| Basic commands | 682 | |
| Build / train | 80 | |
| ESC pressed | 4 | |
| Enter build submenu | 27 | |
| Enter hero's abilities submenu | 6 | |
| Give item / drop item | 2 | |
| Right click | 964 | |
| Select / deselect | 357 | |
| Select group hotkey | 729 | |
| Use ability | 93 | |
3044 total
» units
| Acolyte | 15 | |
| Ghoul | 20 | |
| Obsidian Statue | 7 | |
42 total
» upgrades
| Cannibalize | 1 | |
| Unholy Armor | 3 | |
| Ghoul Frenzy | 1 | |
| Unholy Strength | 3 | |
| Web | 1 | |
| Disease Cloud | 1 | |
| Destroyer Form | 1 | |
11 total
» buildings
| Crypt | 2 | |
| Altar of Darkness | 1 | |
| Ziggurat | 12 | |
| Tomb of Relics | 1 | |
| Halls of the Dead | 1 | |
| Nerubian Tower | 1 | |
| Graveyard | 1 | |
| Spirit Tower | 7 | |
| Black Citadel | 1 | |
| Slaughterhouse | 3 | |
| Sacrificial Pit | 1 | |
| Necropolis | 1 | |
32 total
» build order
00:06 Crypt
00:16 Altar of Darkness
00:33 Ziggurat
01:19 Tomb of Relics
01:47 Ziggurat
02:44 Crypt
03:08 Ziggurat
03:34 Halls of the Dead
04:00 Nerubian Tower
04:07 Graveyard
05:37 Spirit Tower
06:07 Black Citadel
06:12 Slaughterhouse
12:01 Ziggurat
12:02 Ziggurat
12:02 Ziggurat
12:03 Ziggurat
14:33 Slaughterhouse
14:36 Slaughterhouse
14:58 Sacrificial Pit
17:09 Spirit Tower
17:13 Spirit Tower
17:15 Ziggurat
18:10 Spirit Tower
18:30 Ziggurat
19:31 Spirit Tower
22:22 Necropolis
23:59 Ziggurat
24:00 Ziggurat
24:02 Ziggurat
24:54 Spirit Tower
24:56 Spirit Tower
» items
| Rod of Necromancy | 2 | |
| Dust of Appearance | 1 | |
| Scroll of Town Portal | 3 | |
| Orb of Corruption | 1 | |
7 total
bs-DarkRain (
orange | 76 APM | 2761 actions | 36:15)
4 Tauren Chieftain
2 War Stomp
2 Endurance Aura
» actions
| Assign group hotkey | 29 | |
| Basic commands | 14 | |
| Build / train | 73 | |
| Enter build submenu | 22 | |
| Enter hero's abilities submenu | 4 | |
| Give item / drop item | 1 | |
| Right click | 1344 | |
| Select / deselect | 348 | |
| Select group hotkey | 888 | |
| Use ability | 38 | |
2761 total
» units
| Peon | 14 | |
| Troll Headhunter/Berserker | 22 | |
36 total
» upgrades
| Ranged Weapons | 3 | |
| Armor | 3 | |
| Troll Regeneration | 1 | |
| Berserker Upgrade | 1 | |
| Spiked Barricades | 1 | |
9 total
» buildings
| Altar of Storms | 1 | |
| Orc Burrow | 6 | |
| War Mill | 1 | |
| Barracks | 2 | |
| Stronghold | 3 | |
| Fortress | 3 | |
| Watch Tower | 9 | |
25 total
» build order
00:08 Altar of Storms
00:22 Orc Burrow
01:09 War Mill
01:16 Barracks
02:01 Barracks
02:23 Orc Burrow
03:40 Orc Burrow
05:19 Stronghold
05:19 Stronghold
05:23 Orc Burrow
05:26 Orc Burrow
07:48 Fortress
07:48 Fortress
07:48 Fortress
08:11 Orc Burrow
14:53 Watch Tower
15:02 Watch Tower
15:17 Watch Tower
15:29 Watch Tower
15:33 Watch Tower
15:38 Watch Tower
16:08 Watch Tower
16:23 Watch Tower
17:30 Watch Tower
» items
| Scroll of Town Portal | 2 | |
| Orb of Fire | 1 | |
| Potion of Healing | 1 | |
| Orb of Corruption | 1 | |
5 total
DarkWizzard)ro (
teal | 105 APM | 3780 actions | 36:07)
5 Archmage
1 Summon Water Elemental
2 Brilliance Aura
2 Blizzard
3 Blood Mage
2 Flame Strike
1 Siphon Mana
2 Pit Lord
1 Rain of Fire
1 Cleaving Attack
» actions
| Assign group hotkey | 37 | |
| Basic commands | 169 | |
| Build / train | 90 | |
| ESC pressed | 5 | |
| Enter build submenu | 39 | |
| Enter hero's abilities submenu | 10 | |
| Give item / drop item | 2 | |
| Right click | 1184 | |
| Select / deselect | 940 | |
| Select group hotkey | 1106 | |
| Use ability | 198 | |
3780 total
» units
| Peasant | 19 | |
| Footman | 6 | |
| Sorceress | 12 | |
| Priest | 5 | |
| Knight | 4 | |
46 total
» upgrades
| Defend | 1 | |
| Lumber Harvesting | 2 | |
| Priest Training | 2 | |
| Sorceress Training | 2 | |
| Masonry | 2 | |
9 total
» buildings
| Altar of Kings | 1 | |
| Barracks | 1 | |
| Farm | 7 | |
| Scout Tower | 14 | |
| Arcane Tower | 1 | |
| Arcane Vault | 1 | |
| Keep | 1 | |
| Lumber Mill | 2 | |
| Arcane Sanctum | 2 | |
| Castle | 1 | |
| Blacksmith | 1 | |
| Town Hall | 4 | |
| Guard Tower | 5 | |
| Workshop | 4 | |
45 total
» build order
00:05 Altar of Kings
00:06 Barracks
00:27 Farm
01:03 Farm
01:40 Scout Tower
02:07 Arcane Tower
02:12 Farm
02:51 Arcane Vault
03:32 Keep
03:38 Lumber Mill
04:03 Lumber Mill
04:50 Farm
06:39 Arcane Sanctum
06:48 Arcane Sanctum
07:01 Farm
09:29 Castle
09:39 Farm
12:53 Farm
12:55 Blacksmith
13:55 Scout Tower
13:58 Scout Tower
14:01 Scout Tower
14:06 Scout Tower
14:11 Scout Tower
14:33 Town Hall
14:35 Guard Tower
14:43 Guard Tower
15:20 Guard Tower
17:29 Town Hall
19:55 Town Hall
21:21 Scout Tower
21:23 Scout Tower
21:26 Scout Tower
21:28 Scout Tower
23:10 Town Hall
23:12 Scout Tower
23:13 Scout Tower
23:15 Scout Tower
23:16 Scout Tower
23:30 Guard Tower
23:45 Guard Tower
30:50 Workshop
30:53 Workshop
33:10 Workshop
33:25 Workshop
» items
| Scroll of Town Portal | 4 | |
| Lesser Clarity Potion | 1 | |
| Scroll of Regeneration | 2 | |
| Dust of Appearance | 1 | |
| Tome of Retraining | 1 | |
| Potion of Healing | 3 | |
| Staff of Sanctuary | 1 | |
13 total

»
Pri35t (
red | 86 APM | 3086 actions | 36:00)
5 Pandaren Brewmaster
3 Breath of Fire
2 Drunken Haze
4 Paladin
2 Holy Light
2 Divine Shield
3 Mountain King
2 Storm Bolt
1 Bash
» actions
| Assign group hotkey | 42 | |
| Basic commands | 115 | |
| Build / train | 75 | |
| ESC pressed | 3 | |
| Enter build submenu | 50 | |
| Enter hero's abilities submenu | 13 | |
| Remove unit from queue | 2 | |
| Right click | 1323 | |
| Select / deselect | 559 | |
| Select group hotkey | 731 | |
| Use ability | 173 | |
3086 total
» units
| Peasant | 9 | |
| Footman | 3 | |
| Mortar Team | 5 | |
| Siege Engine | 5 | |
| Flying Machine | 3 | |
25 total
» upgrades
| Lumber Harvesting | 1 | |
| Fragmentation Shards | 1 | |
| Sorceress Training | 1 | |
| Barrage | 1 | |
4 total
» buildings
| Altar of Kings | 1 | |
| Barracks | 1 | |
| Farm | 24 | |
| Scout Tower | 8 | |
| Arcane Vault | 1 | |
| Arcane Tower | 1 | |
| Lumber Mill | 2 | |
| Keep | 1 | |
| Blacksmith | 1 | |
| Castle | 1 | |
| Workshop | 4 | |
| Arcane Sanctum | 1 | |
| Town Hall | 1 | |
| Guard Tower | 1 | |
48 total
» build order
00:07 Altar of Kings
00:12 Barracks
00:20 Farm
00:35 Farm
01:44 Scout Tower
01:45 Farm
01:56 Arcane Vault
02:17 Arcane Tower
02:57 Farm
03:22 Lumber Mill
04:08 Keep
04:26 Blacksmith
04:45 Farm
04:46 Farm
06:34 Castle
06:40 Workshop
07:35 Workshop
08:10 Arcane Sanctum
08:12 Farm
15:39 Workshop
17:51 Workshop
17:55 Farm
18:36 Farm
19:29 Town Hall
19:43 Farm
19:47 Scout Tower
19:51 Scout Tower
19:53 Scout Tower
19:54 Scout Tower
19:56 Scout Tower
19:58 Scout Tower
21:06 Scout Tower
21:08 Guard Tower
23:19 Farm
23:20 Farm
23:27 Lumber Mill
24:47 Farm
24:50 Farm
24:56 Farm
26:38 Farm
26:40 Farm
27:07 Farm
27:18 Farm
27:41 Farm
28:23 Farm
28:26 Farm
29:13 Farm
30:16 Farm
» items
| Boots of Speed | 1 | |
| Scroll of Regeneration | 7 | |
| Lesser Clarity Potion | 9 | |
| Scroll of Town Portal | 3 | |
| Orb of Fire | 1 | |
| Potion of Mana | 1 | |
| Potion of Healing | 1 | |
23 total
Chat log
(01:05 / All) Gobiner: good luck and have fun
(01:11 / All) benighted: you too
(01:12 / All) Pri35t: and some whiskey pls
(01:23 / All) nutsonyochin.DE: i drink your whiskey
(01:26 / All) Pri35t: gotta disable MH
(01:27 / All) nutsonyochin.DE: thgis my straw slurp
(01:29 / All) Pri35t: sec
(01:31 / All) nutsonyochin.DE: brb
(01:32 / All) benighted: bier!
(01:35 / All) nutsonyochin.DE: stop thbe game
(09:49 / Allies) westonb: morts there
(23:15 / Allies) westonb: i could use them
(28:07 / Allies) westonb: can i get some gold for a th
(28:14 / Allies) westonb: ty
(36:05 / All) iNT]DOGANDHORSE: hahahahahhahahahahahahhhahah
(36:05 / Allies) iNT]DOGANDHORSE: ha
(36:06 / Allies) iNT]DOGANDHORSE: ah
(36:06 / Allies) iNT]DOGANDHORSE: ah
(36:07 / All) iNT]DOGANDHORSE: HAH
(36:07 / All) iNT]DOGANDHORSE: AH
(36:07 / All) iNT]DOGANDHORSE: HAH
(36:07 / All) iNT]DOGANDHORSE: AHH
(36:08 / All) iNT]DOGANDHORSE: AH
(36:08 / All) iNT]DOGANDHORSE: AHHAH
(36:09 / All) iNT]DOGANDHORSE: HAH
(36:10 / All) iNT]DOGANDHORSE: AHHA
(36:12 / All) iNT]DOGANDHORSE: owned
(36:14 / All) iNT]DOGANDHORSE: nnoobs
(36:14 / All) bs-DarkRain: FUKING NEWBS